 Dungeon Crawl Stone Soup version 0.30.2 (webtiles) character file.

Game seed: 395789462313622892

620 porpoise the Cudgeller (level 7, -3/46 HPs)
             Began as a Gargoyle Wanderer on Feb 2, 2024.
             Was a Believer of Nemelex Xobeh.
             Splashed by a jelly's acid (4 damage)
             ... on level 5 of the Dungeon.
             The game lasted 00:17:36 (3311 turns).

porpoise the Cudgeller (Gargoyle Wanderer)          Turns: 3311, Time: 00:17:36

Health: -3/46      AC: -3    Str: 18    XL:     7   Next: 46%
Magic:  9/9        EV: 10    Int: 11    God:    Nemelex Xobeh [**....]
Gold:   252        SH:  0    Dex: 16    Spells: 6/6 levels left

rFire   + . .        (no weapon)
rCold   . . .        (no shield)
rNeg    + . .        n - +0 ring mail
rPois   ∞            (no helmet)
rElec   +            (no cloak)
rCorr   .            f - +2 pair of gloves
SInv    .            (no boots)
Will    .....        (no amulet)
Stlth   +            o - +6 ring of dexterity
HPRegen 0.27/turn    t - ring of protection from fire
MPRegen 0.11/turn

%: no passive effects
@: corroded
A: sickness immunity, AC +4, negative energy resistance 1, electricity
resistance, torment resistance 1, petrification resistance
a: Renounce Religion, Draw Escape, Draw Destruction, Draw Summoning


You were on level 5 of the Dungeon.
You worshipped Nemelex Xobeh.
Nemelex Xobeh was pleased with you.
You visited 1 branch of the dungeon, and saw 5 of its levels.
You also visited: Sewer.

You collected 252 gold pieces.

Inventory:

Hand Weapons
 a - the +8 sling "Dragon's Tongue" {heavy, Dex+4}
   (You took it off a hobgoblin on level 2 of the Dungeon)

   Dex:       It affects your dexterity (+4).
 q - a +3 dagger of electrocution
 s - a +3 mace
Missiles
 j - 2 poisoned darts (quivered)
 v - 2 boomerangs of dispersal
 w - 3 boomerangs
Armour
 f - a +2 pair of gloves (worn)
 n - a +0 ring mail (worn)
 p - a +1 leather armour of positive energy
Jewellery
 l - a ring of fire
 o - a +6 ring of dexterity (left hand)
 r - a ring of positive energy
 t - a ring of protection from fire (right hand)
 B - the ring of Ubrulius {rElec Str+6}
   (You found it on level 4 of the Dungeon)

   [ring of strength]

   Str:       It affects your strength (+6).
   rElec:     It insulates you from electricity.
Wands
 b - a wand of polymorph (12)
 z - a wand of iceblast (2)
Scrolls
 h - a scroll of vulnerability
 i - a scroll of teleportation
Potions
 c - a potion of mutation
 d - a potion of haste
 e - 2 potions of resistance
 g - 4 potions of curing
 k - 4 potions of heal wounds
 m - 2 potions of brilliance
 u - a potion of attraction {unknown}
 x - 2 potions of degeneration {unknown}
 A - 2 potions of lignification
 C - a potion of cancellation {unknown}


   Skills:
 + Level 6.1 Fighting
 * Level 6.9 Maces & Flails
 - Level 1.0 Ranged Weapons
 - Level 1.0 Throwing
 + Level 3.8 Invocations


You had 6 spell levels left.
You didn't know any spells.
Your spell library contained the following spells:

 Spells                   Type           Power      Damage    Failure   Level
 Wereblood                Tmut           0%         N/A       67%         2
 Summon Hydra             Summ           0%         N/A       100%        7
 Sublimation of Blood     Necr           Unusable   N/A       N/A         2

Dungeon Overview and Level Annotations

Branches:
Dungeon (5/15)              Sewer (visited)
 Temple: D:4-7

Altars:
Ashenzari
Elyvilon
Kikubaaqudgha
Nemelex Xobeh
Okawaru
Xom


Innate Abilities, Weirdness & Mutations

You are immune to sickness and miasma.
Your stone body is resilient. (AC +4)
You are immune to poison.
You resist negative energy. (rN+)
You are resistant to electric shocks. (rElec)
You are resistant to unholy torment.
You are immune to petrification.


Message History

The jelly hits you but does no damage.
You hit the jelly but do no damage.
Your hands burn!
You punch the jelly.
The jelly is moderately wounded.
The jelly barely misses you.
You hit the jelly.
Your hands burn!
The jelly is heavily wounded.
The jelly hits you but does no damage.
You hit the jelly.
Your hands burn!
The jelly is heavily wounded.
The jelly hits you but does no damage.
You hit the jelly.
Your hands burn!
The jelly is severely wounded.
The jelly hits you. The acid corrodes you!
You are splashed with acid!
You are too injured to fight recklessly!
You are too injured to fight recklessly!
You are too injured to fight recklessly!
You are too injured to fight recklessly!
You hit the jelly but do no damage.
Your hands burn!
The jelly is severely wounded.
The jelly barely misses you.
You hit the jelly. The acid corrodes you!
Your hands burn!
The jelly is almost dead.
The jelly closely misses you.
You barely miss the jelly.
The jelly is almost dead.
The jelly closely misses you.
You hit the jelly but do no damage.
Your hands burn!
The jelly is almost dead.
The jelly barely misses you.
You hit the jelly but do no damage. The acid corrodes you!
Your hands burn!
The jelly is almost dead.
The jelly hits you.
You are splashed with acid!
* * * LOW HITPOINT WARNING * * *
You hit the jelly but do no damage. The acid corrodes you!
Your hands burn!
* * * LOW HITPOINT WARNING * * *
The jelly is almost dead.
The jelly closely misses you.
You hit the jelly but do no damage.
Your hands burn!
You die...
Your body glows slightly and disappears.

#### ###..##
#.....# ###...##
.# #....# ..# ###
##).## #..
##.####....#
#.).#.....)@..##
#.........J....#
..........).....##
............#...<#
............##.###
........##..##.#
........########
........#
.........


You could see a jelly.

Vanquished Creatures
  2 water moccasins
  A jelly (D:4)
  2 iguanas (D:4)
  3 orc wizards
  3 adders
  2 ufetubi (D:5)
  5 worms
  4 dart slugs
  12 orcs
  4 ball pythons
  11 endoplasms
  4 giant cockroaches
  7 goblins
  8 hobgoblins
  7 jackals
  8 quokkas
  A bat (D:2)
  A frilled lizard (D:3)
  7 kobolds
  8 rats
100 creatures vanquished.

Vanquished Creatures (collateral kills)
  2 orc priests (D:5)
  An orc wizard (D:5)
  An orc (D:5)
4 creatures vanquished.

Grand Total: 104 creatures vanquished

Notes
Turn   | Place    | Note
-------+----------+-------------------------------------------
     0 | D:1      | porpoise the Gargoyle Wanderer began the quest for the Orb.
     0 | D:1      | porpoise set off with the following items: a +3 mace, a +0
                  | sling, a potion of mutation, a +0 leather armour.
     0 | D:1      | Reached XP level 1. HP: 16/16 MP: 1/1
    63 | D:1      | Reached XP level 2. HP: 20/20 MP: 2/2
   103 | D:1      | Found a faded altar of an unknown god.
   114 | D:1      | Prayed at the altar of an unknown god.
   114 | D:1      | Became a worshipper of Nemelex Xobeh the Trickster
   114 | D:1      | Reached * piety under Nemelex Xobeh
   634 | D:1      | Reached XP level 3. HP: 21/24 MP: 3/3
   885 | D:2      | Reached skill level 1 in Invocations
   941 | D:2      | Received a gift from Nemelex Xobeh
  1255 | D:2      | Identified the +8 sling "Dragon's Tongue" {heavy, Dex+4}
  1261 | D:2      | Reached XP level 4. HP: 17/30 MP: 4/4
  1581 | D:3      | Reached skill level 5 in Maces & Flails
  1587 | D:3      | Reached skill level 5 in Fighting
  1630 | D:3      | Reached XP level 5. HP: 30/35 MP: 6/6
  1684 | D:3      | Found a shimmering altar of Xom.
  1686 | D:3      | Found a shimmering altar of Xom.
  1688 | D:3      | Found a shimmering altar of Xom.
  1691 | D:3      | Found a shimmering altar of Xom.
  1693 | D:3      | Found a shimmering altar of Xom.
  1698 | D:3      | Found a shimmering altar of Xom.
  1698 | D:3      | Found a shimmering altar of Xom.
  1762 | D:3      | Reached ** piety under Nemelex Xobeh
  1799 | D:3      | Received a gift from Nemelex Xobeh
  1878 | D:3      | Found a white marble altar of Elyvilon.
  1978 | D:4      | Found a glowing drain.
  1992 | Sewer    | Entered a sewer
  2051 | Sewer    | Noticed a water moccasin
  2057 | Sewer    | Killed a water moccasin
  2058 | Sewer    | Reached XP level 6. HP: 36/40 MP: 6/8
  2409 | D:4      | Found an ancient bone altar of Kikubaaqudgha.
  2615 | D:4      | Identified the ring of Ubrulius {rElec Str+6}
  2660 | D:4      | Found a broken altar of Ashenzari.
  2665 | D:4      | Found an iron altar of Okawaru.
  2965 | D:4      | Noticed a water moccasin
  2971 | D:4      | Killed a water moccasin
  2972 | D:4      | Reached XP level 7. HP: 37/46 MP: 9/9
  3124 | D:5      | Entered Level 5 of the Dungeon
  3161 | D:5      | Received a gift from Nemelex Xobeh
  3310 | D:5      | HP: 1/46 [acid (4)]
  3311 | D:5      | Splashed by a jelly's acid

Illustrated notes

Levels and vault maps discovered:
D:1:      onia_arrival_handbag, layout_basic, ebering_ecumenical_altar_box
D:2:      layout_basic
D:3:      layout_basic, nicolae_xom_altar_mimics,
          mainiacjoe_overflow_six_doors_small, serial_glass, glass_columns_c,
          glass_columns_b
D:4:      layout_basic, jmf_multi_god_temple,
          mainiacjoe_overflow_concentric_impassable, portal_sewer_entry_f
D:5:      layout_cave_pools

Skill      XL: |  1  2  3  4  5  6 |
---------------+-------------------+-----
Invocations    | 1 2 3 |  3.8
Maces & Flails | 5 6 |  6.9
Fighting       | 5 6 |  6.1
Ranged Weapons | |  1.0
Throwing       | |  1.0

Action                     |  1- 3 |  4- 6 |  7- 9 || total
---------------------------+-------+-------+-------++-------
  Melee: Mace              |    94 |       |       ||    94
         Unarmed           |       |       |    20 ||    20
         Punch             |       |       |     1 ||     1
   Fire: Sling             |       |   125 |     8 ||   133
 Invoke: Draw Destruction  |     1 |     2 |       ||     3
         Draw Summoning    |       |       |     1 ||     1
    Use: Scroll            |     3 |     5 |     1 ||     9
 Armour: Leather armour    |    14 |       |       ||    14
         Ring mail         |    16 |    46 |    17 ||    79
  Dodge: Dodged            |    50 |    33 |    11 ||    94
